 Dungeon Sprint DCSS version 0.30-a0-469-g84de5afbc5 (webtiles) character file.

Game seed: 11720198031467223445

296 rocky1 the Carver (level 6, -1/51 HPs)
             Began as a Merfolk Gladiator on Dec 20, 2022.
             Slain by a jelly (2 damage)
             ... in the Dungeon (Sprint III: "The Ten Rune Challenge").
             The game lasted 00:01:50 (244 turns).

rocky1 the Carver (Merfolk Gladiator)                Turns: 244, Time: 00:01:51

Health: -1/51      AC:  5    Str: 14    XL:     6   Next: 34%
Magic:  6/6        EV: 16    Int:  7    God:
Gold:   0          SH:  0    Dex: 18    Spells: 5/5 levels left

rFire   . . .      SeeInvis .    a - +0 long sword
rCold   . . .      Faith    .    (no shield)
rNeg    . . .      Spirit   .    b - +0 leather armour
rPois   .          Reflect  .    c - +0 helmet
rElec   .          Harm     .    (no cloak)
rCorr   .          Rampage  .    (no gloves)
Will    .....      NoTele   +    m - +0 pair of boots
Stlth   +++.......               (no amulet)
HPRegen 0.28/turn                (no ring)
MPRegen 0.10/turn                (no ring)

@: no status effects
A: (nimble swimmer 2), mertail
a: no special abilities


You were in the Dungeon.
You visited 1 branch

Inventory:

Hand Weapons
 a - a +0 long sword (weapon)
Missiles
 d - a throwing net (quivered)
 e - a javelin
Armour
 b - a +0 leather armour (worn)
 c - a +0 helmet (worn)
 m - a +0 pair of boots (worn)
Potions
 h - a potion of haste
 i - 2 potions of magic
 l - a potion of ambrosia {unknown}


   Skills:
 + Level 5.5 Fighting
 - Level 12.2 Long Blades
 - Level 2.0 Throwing
 + Level 7.4 Dodging
 + Level 5.5 Stealth


You had 5 spell levels left.
You didn't know any spells.
Your spell library was empty.

Dungeon Overview and Level Annotations

Branches:
Dungeon (1/1)

Altars:


Innate Abilities, Weirdness & Mutations

((You are very nimble when in or above water. (Stealth+, EV+, Speed+++)))
Your lower body shifts to a powerful aquatic tail in water.


Message History

Reactivating autopickup.
You hit the shadow.
The shadow is almost destroyed.
The shadow completely misses you.
You hit the shadow.
The shadow is almost destroyed.
The shadow hits you.
* * * LOW HITPOINT WARNING * * *
You hit the shadow.
You destroy the shadow!
Your Fighting skill gained 3 levels and is now at level 5!
Your Dodging skill gained 3 levels and is now at level 7!
Your Stealth skill gained 5 levels and is now at level 5!
You have reached level 6!
Unknown command.
Blink to where?
Press: ? - help, Dir - move target
As you read the scroll of blinking, it crumbles to dust.
There is a fountain of clear blue water here.
There is an open door to the Ecumenical Temple here.
You close the door.
You start resting.
You hear a slurping noise.
The jelly eats the door!
You slash the jelly!
Your hands burn!
* * * LOW HITPOINT WARNING * * *
The jelly is moderately wounded.
The jelly misses you.
You hit the jelly.
Your hands burn!
* * * LOW HITPOINT WARNING * * *
The jelly is heavily wounded.
You feel better. The jelly hits you.
* * * LOW HITPOINT WARNING * * *
You are splashed with acid!
* * * LOW HITPOINT WARNING * * *
You hit the jelly.
Your hands burn!
* * * LOW HITPOINT WARNING * * *
The jelly is severely wounded.
The jelly hits you.
You die...

▓▓▓ ▓▓▓▓▓▓ ▓▓▓ <.# +....♣♣♣
♣.# ..# #......♣ ♣.#
#'####.....♣ ♣♣.#
.†...#....~♣♣♣♣..###+#+###+##
.....#.†.~~♣♣.♣..#..........#
.....#..~~~~..♣.@J.⌠.......§#
####'#..~≈≈~~~♣♣.#...######'#
.....#.~~≈~~~....#.⌠.# #...#
.....#.~≈~~~.....#...# #...#
.....#.~~~.......#+### #...#
'#####...........# #...+
.................# +...#
▓▓▓▓▓▓▓▓▓▓▓▓▓▓▓▓▓▓ ▓▓▓▓▓


You could see a jelly.

Vanquished Creatures
  A shadow (D)
  A scorpion (D)
  A water elemental (D)
  A human (D)
  An endoplasm (D)
  3 rats (D)
8 creatures vanquished.

Notes
Turn   | Place    | Note
-------+----------+-------------------------------------------
     0 | D        | rocky1 the Merfolk Gladiator began the quest for the Orb.
     0 | D        | Reached XP level 1. HP: 16/16 MP: 1/1
     7 | D        | Reached skill level 4 in Long Blades
    26 | D        | Reached skill level 5 in Long Blades
    56 | D        | Noticed a scorpion
    64 | D        | Killed a scorpion
    65 | D        | Reached skill level 9 in Long Blades
    65 | D        | Reached XP level 2. HP: 22/22 MP: 2/2
    65 | D        | Reached XP level 3. HP: 27/27 MP: 3/3
    65 | D        | Reached XP level 4. HP: 33/33 MP: 4/4
    74 | D        | Reached skill level 10 in Long Blades
   108 | D        | Noticed a water elemental
   112 | D        | Killed a water elemental
   113 | D        | Reached skill level 12 in Long Blades
   113 | D        | Reached XP level 5. HP: 38/38 MP: 5/5
   216 | D        | Noticed a shadow
   230 | D        | Killed a shadow
   231 | D        | Reached skill level 5 in Fighting
   231 | D        | Reached skill level 5 in Stealth
   231 | D        | Reached XP level 6. HP: 7/51 MP: 6/6
   244 | D        | HP: 1/51 [acid (4)]
   244 | D        | Slain by a jelly

Illustrated notes

Levels and vault maps discovered:
D:        dungeon_sprint_mu [sprint_mu_entry_forest, sprint_mu_temple_rooms,
          sprint_mu_d1_spiders, sprint_mu_d2_genie, sprint_mu_d3_branching,
          sprint_mu_orc_legion, sprint_mu_elf_gauntlet, sprint_mu_hive_nellie,
          sprint_mu_lair_fedhas, sprint_mu_vaults_butterflies,
          sprint_mu_slime_circle, sprint_mu_shoals_kraken,
          sprint_mu_snake_twists, sprint_mu_blade_basic, sprint_mu_crypt_lich,
          sprint_mu_tomb_spiral, sprint_mu_vestibule_basic,
          sprint_mu_gehenna_hellfire, sprint_mu_dis_giant,
          sprint_mu_tartarus_statrot, sprint_mu_cocytus_islands, sprint_mu_zot1]

Skill      XL: |  1  2  3  4  5 |
---------------+----------------+-----
Long Blades    | 9 12 | 12.2
Fighting       | 5 |  5.5
Dodging        | 7 |  7.4
Stealth        | 5 |  5.5
Throwing       | |  2.0

Action                   |  1- 3 |  4- 6 || total
-------------------------+-------+-------++-------
Melee: Long sword        |    17 |    21 ||    38
       Tailslap          |     1 |     2 ||     3
       Punch             |       |     1 ||     1
Throw: Throwing net      |     1 |     2 ||     3
  Use: Potion            |       |     3 ||     3
       Scroll            |       |     1 ||     1
 Stab: Held in net/web   |     2 |     1 ||     3
       Sleeping          |     1 |       ||     1
Armor: Leather armour    |     2 |     1 ||     3
Dodge: Dodged            |    10 |     7 ||    17

Table legend: (Time is in decaauts)
 A = Elapsed time spent in this place.
 B = Non-inter-level travel time spent in this place.
 C = Inter-level travel time spent in this place.
 D = Time resting spent in this place.
 E = Time spent auto-exploring this place.
 F = Levels seen in this place.
 G = Mean time per level.
                   A        B        C        D        E       F      G
               +--------+--------+--------+--------+--------+-----+--------+
         Total |    251 |    251 |      0 |    114 |      0 |   1 |  251.0 |
       Dungeon |    251 |    251 |      0 |    114 |      0 |   1 |  251.0 |
               +--------+--------+--------+--------+--------+-----+--------+

Top non-repeatable levels by time:
       D: 251 daAuts
